Map: Dusk Towers

Players

IIIIIIIIIIII

  • Race: Protoss Protoss
  • League: Grandmaster

MythiC - Winner!

  • Race: Terran Terran
  • League: Grandmaster

VOD

Have the link to the VOD?

Description

Time

  • Played on: May 2, 2016, 6:38 p.m.
  • Length: 17:26
Show
View Real Time Build Order
Export as new Build Order

IIIIIIIIIIII Protoss 

Build Orders: 1 Gate Expand, Blink Stalkers 

Get SALT Encoding   

  12  0:01  Probe (Chrono Boost)  
  13  0:11  Probe (Chrono Boost)  
  14  0:17  Pylon  
  14  0:22  Probe (Chrono Boost)  
  15  0:35  Probe (Chrono Boost)  
  16  0:37  Gateway  
  16  0:43  Assimilator  
  16  0:46  Probe (Chrono Boost)  
  17  0:57  Probe (Chrono Boost)  
  18  1:07  Probe (Chrono Boost)  
  19  1:18  Probe (Chrono Boost)  
  20  1:22  Nexus  
  20  1:32  Cybernetics Core  
  20  1:34  Probe (Chrono Boost)  
  20  1:39  Assimilator  
  21  1:44  Probe (Chrono Boost)  
  22  1:48  Pylon  
  22  1:55  Probe (Chrono Boost)  
  24  2:10  Mothership Core (Chrono Boost)  
  24  2:12  Warp Gate  
  25  2:21  Stalker (Chrono Boost)  
  27  2:28  Probe  
  28  2:33  Probe  
  29  2:40  Probe (Chrono Boost)  
  30  2:44  Probe (Chrono Boost)  
  30  2:45  Robotics Facility  
  31  2:52  Probe (Chrono Boost)  
  31  2:55  Probe (Chrono Boost)  
  33  3:02  Probe (Chrono Boost)  
  33  3:04  Twilight Council  
  34  3:06  Probe (Chrono Boost)  
  35  3:13  Probe (Chrono Boost)  
  35  3:17  Probe (Chrono Boost)  
  36  3:23  Probe (Chrono Boost)  
  36  3:26  Probe (Chrono Boost)  
  36  3:32  Gateway  
  36  3:33  Observer (Chrono Boost), Gateway  
  38  3:34  Probe  
  38  3:36  Probe  
  40  3:44  Blink (Chrono Boost)  
  40  3:46  Probe  
  40  3:47  Probe  
  41  3:52  Assimilator  
  42  3:57  Observer  
  42  3:58  Probe x2  
  42  4:00  Pylon  
  45  4:09  Probe  
  45  4:11  Nexus  
  46  4:18  Probe  
  46  4:19  Probe  
  46  4:23  Pylon  
  48  4:26  Stalker  
  48  4:30  Probe x2  
  51  4:33  Stalker  
  54  4:42  Probe  
  54  4:44  Probe  
  55  4:48  Stalker  
  55  4:49  Warp Prism  
  60  4:55  Pylon  
  60  4:56  Probe  
  60  4:57  Probe  
  60  4:59  Forge  
  62  5:10  Gateway  
  62  5:11  Gateway  
  62  5:12  Probe  
  62  5:13  Probe, Gateway  
  64  5:21  Stalker  
  64  5:22  Probe, Stalker  
  64  5:23  Probe  
  70  5:28  Stalker  
  70  5:30  Probe  
  70  5:33  Probe  
  70  5:34  Probe  
  74  5:42  Probe (Chrono Boost), Protoss Ground Weapons Level 1 (Chrono Boost)  
  76  5:44  Probe (Chrono Boost), Assimilator  
  76  5:45  Probe (Chrono Boost), Pylon  
  71  5:54  Probe (Chrono Boost)  
  71  5:55  Probe (Chrono Boost)  
  74  5:57  Probe (Chrono Boost)  
  74  6:02  Stalker x2  
  74  6:03  Stalker  
  80  6:05  Probe (Chrono Boost)  
  80  6:06  Probe (Chrono Boost)  
  80  6:07  Probe (Chrono Boost)  
  83  6:15  Probe (Chrono Boost)  
  83  6:17  Probe (Chrono Boost)  
  83  6:18  Probe (Chrono Boost)  
  86  6:20  Pylon, Assimilator  
  86  6:26  Probe (Chrono Boost), Stalker x3  
  92  6:33  Probe (Chrono Boost)  
  88  6:42  Probe (Chrono Boost)  
  88  6:43  Mothership Core (Chrono Boost)  
  89  6:49  Immortal (Chrono Boost)  
  89  6:53  Gateway x2  
  93  6:54  Adept x3  
  93  6:58  Gateway  
  99  7:02  Probe (Chrono Boost), Gateway  
  99  7:04  Gateway  
  100  7:12  Pylon  
  100  7:18  Protoss Ground Weapons Level 2  
  100  7:27  Pylon  
  100  7:29  Pylon  
  100  7:31  Immortal (Chrono Boost)  
  100  7:32  Pylon  
  94  7:59  Probe  
  94  8:00  Probe x2  
  94  8:03  Warp Prism (Chrono Boost)  
  93  8:06  Adept x3  
  93  8:07  Adept x6  
  93  8:12  Probe  
  112  8:15  Pylon  
  112  8:19  Adept x2  
  116  8:28  Adept  
  116  8:29  Adept x7, Pylon  
  132  8:34  Adept  
  132  8:35  Pylon  
  132  8:36  Pylon  
  134  8:54  Stalker  
  134  8:55  Stalker x10  
  156  9:08  Pylon  
  149  9:29  Adept x11  
  106  9:52  Stargate  
  95  9:55  Observer  
  95  9:56  Protoss Ground Weapons Level 3  
  95  9:59  Stalker  
  96  10:05  Stalker x4  
  102  10:12  Nexus, Pylon  
  102  10:23  Assimilator  
  102  10:26  Adept x3  
  108  10:36  Void Ray (Chrono Boost)  
  110  10:45  Templar Archives  
  110  11:07  Fleet Beacon  
  110  11:08  Stargate  
  110  11:11  Probe x3  
  111  11:12  Assimilator  
  111  11:16  Assimilator, Adept x3  
  111  11:18  Adept  
  121  11:26  Probe  
  121  11:27  Probe x2  
  121  11:28  Probe  
  125  11:36  Probe, Psionic Storm  
  125  11:39  Probe  
  127  11:40  Probe  
  127  11:46  High Templar  
  129  11:47  High Templar x6  
  141  11:55  Adept  
  141  11:59  Probe  
  141  12:01  Probe x3  
  147  12:10  Probe  
  147  12:13  Probe  
  147  12:14  Adept x3  
  155  12:23  Protoss Ground Armor Level 1, Adept x4  
  163  12:35  Tempest (Chrono Boost)  
  165  12:50  Immortal  
  158  13:04  Tempest (Chrono Boost)  
  143  13:13  Tempest (Chrono Boost)  
  136  13:22  Pylon  
  136  13:25  Pylon  
  136  13:42  Tempest (Chrono Boost)  
  137  13:55  Tempest (Chrono Boost)  
  137  13:57  Stalker x6  
  137  13:58  Stalker x3  
  153  14:19  Tempest (Chrono Boost)  
  146  14:37  Observer  
  135  14:38  Tempest (Chrono Boost)  
  135  14:43  Stalker x4  
  125  14:56  Tempest (Chrono Boost)  
  105  15:01  Adept  
  105  15:02  Adept x4  
  111  15:08  Adept  
  113  15:18  Probe  
  116  15:33  Pylon  
  114  15:36  High Templar  
  116  15:43  High Templar  
  118  15:51  Nexus  
  118  15:53  Pylon  
  118  15:58  High Templar  
  118  15:59  Adept x2  
  118  16:00  Adept  
  126  16:06  Adept x2  
  126  16:07  Zealot x2  
  124  16:27  High Templar  
  124  16:28  Adept x4  
  130  16:54  Adept x4  
  96  16:55  Adept  
  102  17:05  Adept  
  102  17:07  Adept  
  88  17:17  Adept  
Show
View Real Time Build Order
Export as new Build Order

MythiC Terran - Winner!

Build Orders: Reaper Expand, MMM Bio 

Get SALT Encoding   

  12  0:01  SCV  
  13  0:13  SCV  
  14  0:17  Supply Depot  
  14  0:25  SCV  
  15  0:39  SCV  
  15  0:41  Barracks  
  16  0:48  Refinery  
  16  0:51  SCV  
  17  1:03  SCV  
  18  1:15  SCV  
  19  1:28  Orbital Command  
  19  1:32  Reaper  
  20  1:46  Command Center  
  20  1:55  SCV  
  20  1:56  Supply Depot  
  21  2:04  Barracks Reactor  
  21  2:07  SCV  
  22  2:17  Engineering Bay  
  22  2:20  SCV  
  22  2:22  Barracks  
  23  2:26  Refinery  
  23  2:32  SCV  
  24  2:40  Factory  
  24  2:44  SCV  
  25  2:51  Marine x2  
  25  2:57  SCV  
  28  2:59  Orbital Command  
  28  3:09  Barracks Tech Lab, SCV  
  29  3:21  SCV  
  29  3:24  Marine x2  
  31  3:27  Missile Turret  
  31  3:29  Missile Turret  
  31  3:31  SCV  
  31  3:33  SCV  
  33  3:34  Marine  
  33  3:35  Stimpack  
  34  3:43  SCV  
  34  3:45  Starport  
  34  3:47  Marine, Factory Reactor  
  36  3:49  Marine  
  36  3:51  SCV  
  36  3:54  Marine  
  39  3:57  SCV  
  40  4:04  SCV  
  40  4:05  Supply Depot  
  40  4:07  Marine x2  
  40  4:09  SCV  
  44  4:13  Marine  
  44  4:16  SCV  
  46  4:26  Widow Mine x2  
  46  4:27  SCV, Medivac  
  46  4:28  SCV  
  46  4:30  Supply Depot  
  54  4:43  Refinery x2  
  54  4:48  Supply Depot  
  54  4:52  Marine x3, SCV x2  
  59  5:04  SCV  
  59  5:05  Medivac  
  62  5:07  Factory Tech Lab  
  62  5:09  SCV, Medivac  
  62  5:12  Supply Depot  
  65  5:14  Marine x2  
  65  5:15  Marine  
  65  5:16  SCV, Command Center  
  65  5:20  Supply Depot  
  69  5:21  SCV  
  69  5:28  Supply Depot  
  70  5:32  Liberator  
  70  5:34  Siege Tank, SCV x2  
  75  5:46  Marine x3, SCV x2  
  83  5:52  Medivac  
  85  5:58  SCV x2  
  85  6:00  Engineering Bay  
  85  6:01  Engineering Bay  
  87  6:07  Supply Depot  
  87  6:08  Marine x2  
  87  6:09  Marine  
  87  6:10  SCV  
  87  6:14  Combat Shields  
  87  6:15  SCV  
  88  6:21  Supply Depot  
  88  6:23  SCV  
  89  6:27  SCV  
  87  6:33  SCV  
  87  6:35  Liberator, SCV  
  81  6:44  Terran Infantry Weapons Level 1  
  81  6:45  Terran Infantry Armor Level 1  
  76  6:47  Orbital Command  
  76  6:48  Barracks  
  76  6:49  Liberator  
  76  6:51  Barracks  
  76  6:54  Barracks  
  81  6:57  SCV x2  
  81  7:00  Factory Reactor  
  81  7:01  Supply Depot, Marine  
  85  7:11  Marauder, Marine  
  85  7:15  Supply Depot  
  88  7:17  SCV  
  88  7:19  Marine  
  90  7:23  Orbital Command  
  90  7:29  Marine  
  91  7:40  Marine  
  91  7:41  Marauder  
  92  7:49  Liberator x2  
  88  7:52  Marauder, Marine  
  88  7:56  Barracks Reactor  
  88  7:57  Barracks Tech Lab  
  88  7:58  Marine  
  86  8:02  Marauder  
  86  8:04  SCV  
  86  8:05  SCV x2  
  95  8:14  Marauder  
  95  8:17  Marauder  
  95  8:18  Widow Mine x2  
  95  8:19  Marine x2  
  105  8:23  SCV x2  
  105  8:24  Marauder, SCV  
  110  8:28  Supply Depot  
  110  8:30  Supply Depot  
  110  8:31  Supply Depot  
  110  8:32  Liberator, Armory  
  110  8:35  Liberator, SCV  
  110  8:36  Marine  
  110  8:37  Marauder  
  110  8:39  Concussive Shells  
  114  8:42  Marauder, Marine x2  
  114  8:43  Marine  
  114  8:45  Marauder  
  121  8:48  SCV x2  
  121  8:50  Starport  
  121  8:54  Marine  
  130  8:56  Refinery  
  130  8:57  Refinery  
  130  9:00  Marine  
  130  9:01  Marauder, Marine  
  134  9:04  Marauder  
  134  9:07  Marine  
  134  9:08  Marauder  
  134  9:09  Widow Mine x2  
  143  9:12  Marine  
  144  9:18  Marine  
  144  9:19  Liberator  
  144  9:20  Marine  
  144  9:22  Marauder  
  145  9:24  Terran Infantry Weapons Level 2, Terran Infantry Armor Level 2  
  145  9:25  Marauder, Marine  
  145  9:26  Liberator  
  145  9:28  Marine  
  145  9:29  Marine  
  120  9:36  Marine  
  120  9:38  Marine  
  102  9:43  Marauder, Marine  
  102  9:44  Widow Mine x2  
  100  9:53  Marauder, Marine x2  
  100  9:59  Marine x2  
  106  10:03  Marine  
  106  10:04  Liberator  
  106  10:05  Marauder  
  109  10:09  Liberator  
  109  10:10  Marine  
  109  10:11  Marauder  
  112  10:14  Marine  
  112  10:16  Widow Mine x2  
  112  10:19  Orbital Command  
  122  10:41  Marine x3  
  122  10:42  Marauder  
  127  10:47  Marine x2, Liberator  
  127  10:48  Marauder  
  131  10:50  Liberator  
  131  10:59  Marine x3  
  131  11:03  Marauder  
  134  11:05  Marine  
  134  11:08  Widow Mine x2, Marauder  
  134  11:09  Marine  
  148  11:14  Liberator, SCV x3  
  148  11:16  Command Center  
  148  11:17  Marine  
  152  11:22  Marine x2  
  152  11:24  Marauder  
  156  11:26  SCV  
  156  11:29  Marine x2  
  156  11:30  Marauder  
  164  11:35  Marine  
  164  11:39  Marine  
  165  11:48  Liberator x2  
  165  12:03  Supply Depot, Marine  
  165  12:05  Supply Depot x2, Marine x3  
  165  12:07  Marine  
  173  12:11  Marauder  
  173  12:17  Terran Infantry Weapons Level 3  
  173  12:19  Marauder  
  172  12:23  Marauder, Marine  
  172  12:24  Widow Mine x2, Marine  
  172  12:25  Marine x2  
  175  12:32  Marauder  
  174  12:40  Marauder  
  174  12:41  Marine  
  174  12:42  Marine x3  
  179  12:44  Marauder  
  177  12:53  Marauder  
  177  12:58  Marine  
  177  13:00  Marine x3  
  177  13:02  Marauder  
  179  13:06  Marauder, Liberator  
  179  13:14  Marine  
  179  13:16  Marine  
  179  13:18  Terran Infantry Armor Level 3, Marine x3  
  182  13:23  Marauder  
  187  13:27  Marauder  
  189  13:34  Marine  
  189  13:35  Marauder  
  189  13:36  Marine x2  
  189  13:38  Medivac  
  196  13:44  Marauder, Medivac  
  196  13:48  SCV x3  
  198  13:50  Refinery, SCV  
  198  13:55  Marauder  
  187  14:01  Marauder, Marine  
  185  14:08  Marine x2  
  185  14:09  Marauder  
  181  14:29  Marauder, Marine x2  
  181  14:30  Viking x2  
  188  14:35  SCV x2  
  177  14:51  Marine  
  177  14:52  Marauder  
  141  14:53  Marine  
  141  14:56  Marine x2  
  141  14:57  Marauder  
  141  14:59  Marauder  
  103  15:09  Marine, Medivac x3  
  103  15:11  Marine  
  103  15:12  Marine  
  112  15:17  Marine  
  113  15:24  Marauder, Marine x2  
  117  15:32  Marine x2  
  117  15:33  Marauder  
  117  15:35  Widow Mine x2  
  119  15:39  Viking, Planetary Fortress  
  122  15:50  Ghost Academy  
  122  15:51  Marauder, Marine x4  
  122  15:57  Refinery, Marauder, Marine  
  129  16:10  Marine x2  
  126  16:20  Marauder, Marine x3  
  126  16:22  Viking x2  
  130  16:27  Viking  
  129  16:36  Marine x2  
  129  16:37  Marauder  
  129  16:38  Marauder, Marine x2  
  132  16:47  Marine  
  132  16:52  Viking  
  98  16:54  Marine x2  
  98  16:55  Marine  
  98  16:56  Marine  
  98  16:58  Marauder  
  98  17:00  Marauder  
Tags
 
Add a new tag
Caveats
  • Supply blocks, unpowered buildings, or Contaminate may cause inaccurate times.
  • Supply counts are checked every 10 seconds.